 Dungeon Crawl Stone Soup version 0.29.1-13-g9f3cf754e1 (webtiles) character file.

Game seed: 690363042163270036

2245 concernfroge the Covert (level 9, -20/35 HPs)
             Began as a Felid Transmuter on Jan 23, 2023.
             Was a Believer of Okawaru.
             Hit by a large rock thrown by a cyclops (26 damage)
             ... on level 7 of the Dungeon.
             The game lasted 00:29:10 (8351 turns).

concernfroge the Covert (Felid Transmuter)          Turns: 8351, Time: 00:29:10

Health: -20/35     AC:  2    Str:  6    XL:     9   Next: 15%
Magic:  0/13       EV: 32    Int: 16    God:    Okawaru [**....]
Gold:   108        SH:  0    Dex: 20    Spells: 9/12 levels left
                                        Lives:  0   Deaths: 2

rFire   + . .      SeeInvis +     - Unarmed
rCold   . . .      Faith    .   (shield unavailable)
rNeg    . . .      Spirit   +   (body armour unavailable)
rPois   .          Reflect  .   (helmet unavailable)
rElec   .          Harm     .   (cloak unavailable)
rCorr   .          Rampage  .   (gloves unavailable)
Will    +....                   (boots unavailable)
Stlth   +++.......              b - amulet of guardian spirit
HPRegen 0.11/turn               w - ring of protection from fire
MPRegen 0.13/turn               (no ring)

@: confused, heroic, ambrosia-drunk, quick
A: very small, claws 1, fangs 3, see invisible, speed 1, shaggy fur 2, stealthy
paws, no weapons or thrown items, no armour, multi-lived
a: Renounce Religion, Heroism


You were on level 7 of the Dungeon.
You worshipped Okawaru.
Okawaru was pleased with you.
You visited 2 branches of the dungeon, and saw 8 of its levels.

You collected 290 gold pieces.
You spent 182 gold pieces at shops.

Inventory:

Jewellery
 b - an amulet of guardian spirit (around neck)
 w - a ring of protection from fire (left paw)
Wands
 m - a wand of paralysis (1)
Scrolls
 f - a scroll of noise {unknown}
 h - 2 scrolls of poison {unknown}
 k - a scroll of enchant armour {unknown}
 n - a scroll of immolation {unknown}
 p - 3 scrolls of blinking {unknown}
 r - a scroll of enchant weapon {unknown}
 v - a scroll of teleportation {unknown}
 y - a scroll of vulnerability {unknown}
Potions
 e - a potion of brilliance
 i - a potion of attraction
 s - 2 potions of flight


   Skills:
 - Level 1.0(6.0) Fighting
 + Level 11.7(16.7) Dodging
 - Level 12.0(17.0) Stealth
 + Level 9.3(14.3) Unarmed Combat
 - Level 2.0 Spellcasting
 - Level 2.1 Transmutations
 + Level 3.2 Invocations


You had 9 spell levels left.
You knew the following spells:

 Your Spells              Type           Power      Damage    Failure   Level
a - Beastly Appendage     Tmut           16%        N/A       9%          1
b - Wereblood             Tmut           8%         N/A       13%         2

Your spell library contained the following spells:

 Spells                   Type           Power      Damage    Failure   Level
 Spider Form              Tmut/Pois      5%         N/A       36%         3
 Ice Form                 Ice/Tmut       5%         N/A       78%         4
 Passage of Golubria      Tloc           1%         N/A       90%         4
 Yara's Violent Unravell  Hex/Tmut       2%         3d3       98%         5
 Tukima's Dance           Hex            Unusable   N/A       N/A         3

Dungeon Overview and Level Annotations

Branches:
Dungeon (7/15)             Temple (1/1) D:7

Altars:
Cheibriados
Dithmenos
Fedhas
Gozag
Hepliaklqana
Kikubaaqudgha
Makhleb
Nemelex Xobeh
Okawaru
Ru
Sif Muna
Trog
Uskayaw
Wu Jian
Yredelemnul
Zin
The Shining One

Shops:
D:1 !


Innate Abilities, Weirdness & Mutations

You have sharp claws.
You have razor-sharp teeth.
You have supernaturally acute eyesight. (SInv)
You cover ground quickly. (Speed+)
You are covered in thick fur. (AC +2)
Your paws help you pounce on unaware monsters.
You are incapable of wielding weapons or throwing items.
You cannot wear armour.
You gain extra lives every three experience levels.


Message History

You howl as the wereblood boils in your veins!
The tarantella misses you.
You claw the tarantella!
The tarantella is moderately wounded.
Your primal bloodlust has ended.
The tarantella touches you!
You are confused.
The tarantella touches you!
You are too confused!
You are too confused!
Okay, then.
You are too confused!
Your magical effects are unravelling.
You feel magically purged.
You feel less confused. The wyvern completely misses you.
The tarantella closely misses you. The wyvern misses you.
You gain the combat prowess of a mighty hero.
The tarantella completely misses you. The wyvern bites you!
The tarantella closely misses you.
You claw the tarantella!
The tarantella is severely wounded.
The wyvern completely misses you. The tarantella touches you!
* * * LOW HITPOINT WARNING * * *
Okay, then.
It was a potion of ambrosia.
You are confused.
You feel invigorated. The wyvern completely misses you.
The tarantella touches you.
* * * LOW HITPOINT WARNING * * *
You are more confused.
The wyvern barely misses you.
You bump into the tree.
The tarantella misses you. The wyvern completely misses you.
The tarantella touches you!
* * * LOW HITPOINT WARNING * * *
You bump into the tree.
The wyvern completely misses you. The tarantella misses you.
The cyclops throws a large rock.
The large rock hits you!!
Ouch! That really hurt!
You die...

*,,,,,,,#.≈~≈.#♣.....)......
*****,**#.≈C≈.#♣....s#.#..).
*****,**#.≈≈≈.#♣..P..#,#..P.
*,,,,,,,#.≈≈≈.#♣.~...###†..~
*,*******♣.≈.♣*♣.....W♣...P.
*,* *♣.♣* ♣♣♣♣♣♣♣.♣♣♣♣♣
*,******* ♣.♣ *******#†# **
*,**,,,,*♣♣.♣♣*........#***,
*,**,***#♣.@.♣#.♣.######,,',
*,*,,,**#.ls..#,*,*,,,',,,*,
*,,***,*#♣...♣#,*,',,******,
*,** *#,*♣♣.♣♣*,,,****,,,,,,
*,* #.###)####**###*******
*,** *#..)..)..# #.#####
**,**#.###.)#######.#...##
**,.......))...)........#
**###############.†....###


You could see a cyclops, a tarantella and a wyvern.

Vanquished Creatures
  A deep elf pyromancer (D:7)
  Pikel (D:5)
  An unseen horror (D:7)
  A gargoyle (D:7)
  A troll (D:7)
  Prince Ribbit (D:7)
  A shadow (D:5)
  Sigmund (D:5)
  Eustachio (D:5)
  3 water moccasins
  A sky beast (D:6)
  5 orc warriors
  2 black bears
  2 ogres
  A centaur (D:6)
  A lemure (D:5)
  Blork the orc (D:5)
  2 gnoll sergeants
  A kobold brigand (D:5)
  2 scorpions (D:7)
  A necrophage (D:5)
  A wight (D:7)
  3 killer bees (D:7)
  2 howler monkeys
  2 jellies
  7 orc priests
  5 hounds
  A gnoll bouda (D:7)
  5 iguanas
  5 orc wizards
  A mummy (D:6)
  4 gnolls
  15 adders
  A shadow imp (D:7)
  2 white imps
  4 ufetubi
  3 dart slugs
  26 orcs
  7 ball pythons
  4 endoplasms
  4 giant cockroaches
  4 goblins
  7 hobgoblins
  3 jackals (D:1)
  12 kobolds
  5 quokkas
  2 bats
  3 frilled lizards
  3 rats
172 creatures vanquished.

Vanquished Creatures (others)
  41 plants
41 creatures vanquished.

Grand Total: 213 creatures vanquished

Notes
Turn   | Place    | Note
-------+----------+-------------------------------------------
     0 | D:1      | concernfroge the Felid Transmuter began the quest for the
                  | Orb.
     0 | D:1      | Reached XP level 1. HP: 9/9 MP: 4/4
    34 | D:1      | Reached skill level 1 in Stealth
    66 | D:1      | Reached XP level 2. HP: 8/12 MP: 4/6
    71 | D:1      | Learned a level 2 spell: Wereblood
   737 | D:1      | Found Jiycolapp's Distillery.
   831 | D:1      | Reached skill level 2 in Stealth
  1019 | D:2      | Reached XP level 3. HP: 11/15 MP: 5/7
  1250 | D:2      | You fall into a shaft and drop 2 floors!
  1596 | D:3      | Found a faded altar of an unknown god.
  1791 | D:3      | Reached XP level 4. HP: 9/19 MP: 5/8
  1980 | D:3      | Reached skill level 3 in Stealth
  2534 | D:4      | Reached XP level 5. HP: 22/22 MP: 0/9
  2709 | D:4      | Reached skill level 4 in Stealth
  2739 | D:4      | Reached skill level 5 in Dodging
  2923 | D:4      | Noticed an ogre
  3141 | D:4      | Gained mutation: You are covered in thick fur. (AC +2)
                  | [Felid growth]
  3141 | D:4      | Reached XP level 6. HP: 25/25 MP: 10/10
  3213 | D:4      | Reached skill level 5 in Stealth
  3243 | D:4      | Reached skill level 5 in Unarmed Combat
  3557 | D:4      | Reached XP level 7. HP: 28/28 MP: 11/11
  3627 | D:4      | Reached skill level 6 in Stealth
  3794 | D:5      | Entered Level 5 of the Dungeon
  4165 | D:5      | Reached skill level 7 in Stealth
  4201 | D:5      | Noticed Blork the orc
  4212 | D:5      | Reached XP level 8. HP: 22/32 MP: 6/12
  4214 | D:5      | Noticed Eustachio
  4215 | D:5      | Noticed Sigmund
  4217 | D:5      | Killed Blork the orc
  4218 | D:5      | Killed Sigmund
  4219 | D:5      | Reached skill level 8 in Stealth
  4681 | D:5      | Killed Eustachio
  4786 | D:5      | Noticed Pikel
  4809 | D:5      | Killed Pikel
  4810 | D:5      | Reached skill level 9 in Stealth
  4978 | D:5      | Reached XP level 9. HP: 20/35 MP: 5/13
  5214 | D:1      | Bought a potion of heal wounds for 70 gold pieces
  5214 | D:1      | Bought a potion of curing for 42 gold pieces
  5214 | D:1      | Bought a potion of berserk rage for 70 gold pieces
  5671 | D:6      | Reached skill level 10 in Stealth
  6133 | D:6      | Reached skill level 10 in Dodging
  6137 | D:6      | Found a snail-covered altar of Cheibriados.
  6737 | D:7      | Found a staircase to the Ecumenical Temple.
  6779 | D:7      | Noticed Prince Ribbit
  6794 | D:7      | Killed Prince Ribbit
  6795 | D:7      | Reached skill level 11 in Stealth
  7240 | D:7      | Found a glowing golden altar of the Shining One.
  7345 | Temple   | Entered the Ecumenical Temple
  7521 | Temple   | Became a worshipper of Warmaster Okawaru
  7579 | D:7      | Noticed a troll
  7596 | D:7      | Killed a troll
  7597 | D:7      | Reached skill level 1 in Invocations
  7720 | D:7      | Noticed a gargoyle
  7724 | D:7      | Noticed a skeletal warrior
  7728 | D:7      | Killed a gargoyle
  7729 | D:7      | Reached XP level 10. HP: 28/39 MP: 3/14
  7732 | D:7      | HP: 1/58 [skeletal warrior/+3 long sword (15)]
  7738 | D:7      | Slain by a skeletal warrior
  7739 | D:7      | Reached XP level 9. HP: -3/78 MP: 0/13
  7748 | D:7      | Noticed an unseen horror
  7755 | D:7      | Demolished by a skeletal warrior
  7756 | D:7      | Reached XP level 8. HP: -15/32 MP: 0/12
  7829 | D:7      | Reached * piety under Okawaru
  7857 | D:7      | Noticed a deep elf pyromancer
  7860 | D:7      | Killed an unseen horror
  8210 | D:7      | Killed a deep elf pyromancer
  8210 | D:7      | Reached ** piety under Okawaru
  8211 | D:7      | Reached skill level 12 in Stealth
  8233 | D:7      | Reached XP level 9. HP: 35/35 MP: 13/13
  8341 | D:7      | Noticed a cyclops
  8351 | D:7      | Hit by a large rock thrown by a cyclops

Illustrated notes

Levels and vault maps discovered:
D:1:      minmay_arrival_jagged, layout_loops_ring, serial_shops, shop
D:2:      layout_loops_ring, serial_shops, shop, chequers_serial_rivers_large_a
D:3:      layout_basic, hellmonk_ecumenical_altar_lost_god
D:4:      layout_loops_ring
D:5:      layout_loops_ring, sword_in_stone, uniq_sigmund, uniq_pikel
D:6:      layout_cave_pools, slow_altar_1, columned_hall_lemuel,
          minmay_door_square, minmay_misc_feat_square, grunt_ministairs_3,
          glass_columns_c, serial_park_tiny_1, minmay_misc_feat_tower,
          st_stairs_12, nicolae_grassy_gnolls
D:7:      nzn_winding_woodlands_large [nzn_winding_woodlands_5x5_default,
          nzn_winding_woodlands_5x15_river_crossing,
          nzn_winding_woodlands_5x5_open_star,
          nzn_winding_woodlands_center_diamonds,
          nzn_winding_woodlands_15x15_five_gardens,
          nzn_winding_woodlands_center_lodge, nzn_winding_woodlands_5x5_three,
          nzn_winding_woodlands_5x15_crooked,
          nzn_winding_woodlands_5x5_default], layout_loops_ring,
          general_overflow_altar, nicolae_overflow_two_pavilions,
          minmay_temple_entry_tees, uniq_prince_ribbit1
Temple:   nicolae_temple_bog_church

Skill      XL: |  1  2  3  4  5  6  7  8  9 |
---------------+----------------------------+-----
Stealth        | 1 2 3 4 5 7 12 11 | 12.0
Dodging        | 3 4 5 6 7 9 11 | 11.7
Unarmed Combat | 4 5 6 9 8 |  9.3
Invocations    | 2 3 |  3.2
Fighting       | |  1.0
Spellcasting   | |  2.0
Transmutations | |  2.1

Action                   |  1- 3 |  4- 6 |  7- 9 | 10-12 || total
-------------------------+-------+-------+-------+-------++-------
Melee: Unarmed           |   104 |    94 |   340 |     7 ||   545
       Bite              |     9 |     7 |    38 |       ||    54
       Headbutt          |     2 |    12 |    12 |       ||    26
       Punch             |       |       |    15 |       ||    15
 Cast: Beastly Appendage |     4 |     8 |    12 |       ||    24
       Wereblood         |     2 |     6 |    15 |       ||    23
Invok: Heroism           |       |       |     3 |       ||     3
Evoke: Wand              |       |     5 |    19 |       ||    24
  Use: Scroll            |     4 |     1 |     4 |       ||     9
       Potion            |       |     2 |     9 |     3 ||    14
 Stab: Sleeping          |     7 |     8 |    15 |       ||    30
       Paralysed         |       |     2 |     6 |       ||     8
       Distracted        |       |     1 |     2 |       ||     3
Armor: Skin              |     3 |     3 |    50 |     4 ||    60
Dodge: Dodged            |    71 |    69 |   278 |       ||   418
